Map: Cactus Valley LE (Void)

Players

NORTHAMERICA

  • Race: Protoss Protoss
  • League: Grandmaster
  • Spawn Location: 5:00

llllllllllll - Winner!

  • Race: Protoss Protoss
  • League: Master
  • Spawn Location: 11:00

VOD

Have the link to the VOD?

Description

Time

  • Played on: April 20, 2017, 11:12 p.m.
  • Length: 5:14
Show
View Real Time Build Order
Export as new Build Order

NORTHAMERICA Protoss 

Build Orders:  

Get SALT Encoding   

  12  0:01  Probe (Chrono Boost)  
  13  0:12  Probe (Chrono Boost)  
  14  0:19  Pylon  
  14  0:22  Probe (Chrono Boost)  
  15  0:37  Probe (Chrono Boost)  
  15  0:38  Gateway  
  16  0:48  Probe (Chrono Boost)  
  17  0:50  Assimilator  
  17  0:56  Assimilator  
  17  0:58  Probe (Chrono Boost)  
  18  1:09  Probe (Chrono Boost)  
  19  1:14  Gateway  
  19  1:19  Probe (Chrono Boost)  
  20  1:26  Cybernetics Core  
  20  1:30  Probe (Chrono Boost)  
  21  1:37  Pylon  
  21  1:40  Probe (Chrono Boost)  
  22  1:51  Probe (Chrono Boost)  
  23  2:02  Probe (Chrono Boost), Warp Gate  
  23  2:03  Stalker x2  
  28  2:13  Mothership Core (Chrono Boost)  
  30  2:20  Pylon  
  30  2:31  Probe (Chrono Boost)  
  31  2:38  Stalker  
  31  2:40  Stalker  
  34  2:53  Probe (Chrono Boost)  
  35  3:12  Stalker  
  38  3:16  Stalker  
  38  3:17  Pylon  
  37  3:38  Nexus  
  37  3:40  Pylon  
  36  3:41  Probe (Chrono Boost)  
  36  3:53  Probe (Chrono Boost)  
  37  3:59  Twilight Council  
  37  4:03  Probe (Chrono Boost)  
  37  4:08  Stalker  
  40  4:10  Stalker  
  38  4:35  Stalker x2  
  42  4:41  Probe (Chrono Boost)  
  41  5:01  Stalker  
  29  5:14  Pylon  
Show
View Real Time Build Order
Export as new Build Order

llllllllllll Protoss - Winner!

Build Orders: Oracle Opening 

Get SALT Encoding   

  12  0:00  Probe (Chrono Boost)  
  13  0:11  Probe (Chrono Boost)  
  14  0:17  Pylon  
  14  0:22  Probe (Chrono Boost)  
  16  0:36  Probe (Chrono Boost)  
  16  0:38  Gateway  
  16  0:46  Probe (Chrono Boost)  
  16  0:48  Assimilator  
  17  0:53  Assimilator  
  17  0:57  Probe (Chrono Boost)  
  18  1:07  Probe (Chrono Boost)  
  19  1:16  Gateway  
  19  1:18  Probe (Chrono Boost)  
  20  1:25  Cybernetics Core  
  20  1:28  Probe (Chrono Boost)  
  21  1:35  Pylon  
  21  1:39  Probe (Chrono Boost)  
  22  1:49  Probe (Chrono Boost)  
  23  1:54  Warp Gate  
  23  2:01  Adept, Pylon  
  23  2:02  Adept  
  27  2:19  Stargate  
  27  2:28  Probe (Chrono Boost)  
  28  2:30  Adept  
  28  2:31  Adept  
  32  2:59  Adept  
  32  3:00  Adept  
  32  3:04  Oracle  
  36  3:07  Pylon  
  36  3:08  Gateway  
  36  3:35  Void Ray  
  40  3:45  Pylon  
  40  4:03  Stalker x3  
  44  4:29  Stalker  
  44  4:30  Stalker x2  
  48  4:37  Pylon  
  48  4:53  Stalker x2  
  48  4:54  Stalker  
Tags
 
Add a new tag
Caveats
  • Supply blocks, unpowered buildings, or Contaminate may cause inaccurate times.
  • Supply counts are checked every 10 seconds.